AoeStats
← [RAT] G0rm

MegaRandom

504296705Analyzed
3v3 RM · 28d ago on Sep 4, 2026· 53m 43s· 6 players
Game mode
Random Map
Map size
Normal (6 player)
Population
200
Speed
Normal
Resources
Standard
Victory
Conquest
Starting age
Dark Age
Ending age
Imperial Age
RankedLock teamsTeams togetherTeam positionsShared explorationLock speedFull tech treeHidden civsTurbo modeCheats
Victory
Defeat
🇫🇷 Mongols · France
1595
+14
🇫🇷 Wei · France
1520
+18
🇫🇷 Berbers · France
1377
+23
🇺🇸 Wei · United States
1643
-22
🇳🇱 Mongols · Netherlands
1551
-18
🇷🇴 Italians · Romania
1471
-15
TheMonkeyDonkey
7:48 Loom
9:52 Feudal Age
10:41 Double-Bit Axe
11:24 Horse Collar
17:30 Gold Mining
19:45 Castle Age
18:14 Scale Barding Armor
18:20 Forging
18:53 Bloodlines
19:46 Light Cavalry
24:36 Chain Barding Armor
26:25 Husbandry
28:35 Wheelbarrow
28:20 Stone Mining
28:41 Bow Saw
28:44 Heavy Plow
29:37 Town Watch
35:45 Imperial Age
33:41 Tuntian
34:52 Treadmill Crane
36:52 Ming Guang Armor
37:32 Chemistry
36:06 Heavy Hei Guang Cavalry
37:34 Crop Rotation
37:42 Gold Shaft Mining
37:42 Stone Shaft Mining
37:40 Ballistics
38:59 Iron Casting
40:35 Conscription
41:02 Hand Cart
44:59 Hussar
46:04 Fervor
48:28 Caravan
54:19 Coinage
54:03 Town Patrol
Conexx
10:42 Feudal Age
9:38 Loom
11:23 Double-Bit Axe
12:38 Fletching
20:04 Padded Archer Armor
24:35 Castle Age
25:40 Bow Saw
25:26 Bodkin Arrow
25:59 Medium Warships
26:57 Clinker Construction
28:53 Ballistics
29:47 Fishing Lines
39:38 Imperial Age
41:47 Chemistry
41:32 Heavy Warships
41:19 Horse Collar
43:09 Wheelbarrow
44:25 Bracer
45:05 Heavy Plow
45:23 Leather Archer Armor
45:20 Masonry
45:17 Elite Camel Archer
46:18 Conscription
46:16 Demolition Ship
47:39 Onager
49:45 Town Watch
50:15 Hand Cart
50:33 Ring Archer Armor
50:15 Bloodlines
50:06 Husbandry
50:15 Thumb Ring
51:33 Careening
51:48 Shipwright
51:53 Gillnets
54:02 Coinage
54:12 Siege Engineers
Le_groOumf
10:33 Feudal Age
14:31 Castle Age
13:10 Double-Bit Axe
15:34 Medium Warships
15:48 Bow Saw
16:40 Fletching
18:41 Bodkin Arrow
20:33 Loom
21:38 Horse Collar
22:35 Wheelbarrow
25:11 Padded Archer Armor
25:44 Ballistics
29:28 Leather Archer Armor
36:12 Hand Cart
36:55 Bloodlines
36:46 Husbandry
36:42 Crossbowman
37:38 Thumb Ring
38:06 Heavy Plow
40:48 Stone Mining
43:35 Imperial Age
43:06 Stone Shaft Mining
42:24 Gold Mining
45:31 Bracer
45:13 Elite Mangudai
46:15 Conscription
47:00 Chemistry
47:39 Caravan
49:18 Heavy Warships
52:36 Scale Barding Armor
52:42 Forging
52:48 Light Cavalry
54:25 Chain Barding Armor
[RAT] Havik_AoE
3:02 Loom
9:36 Feudal Age
10:36 Town Watch
14:14 Fletching
19:25 Castle Age
19:45 Double-Bit Axe
19:40 Horse Collar
25:48 Pikeman
34:08 Wheelbarrow
34:23 Bow Saw
35:09 Bodkin Arrow
35:19 Padded Archer Armor
36:14 Ballistics
39:55 Imperial Age
40:43 Bracer
41:49 Chemistry
42:34 Thumb Ring
42:46 Hand Cart
45:01 Caravan
50:04 Coinage
49:23 Elite Mangudai
53:23 Sappers
[RAT] G0rm
5:06 Loom
9:55 Feudal Age
12:32 Fletching
14:53 Double-Bit Axe
23:02 Castle Age
21:30 Padded Archer Armor
22:48 Horse Collar
25:56 Bow Saw
31:44 Bodkin Arrow
31:50 Bodkin Arrow
36:35 Wheelbarrow
36:51 Heavy Plow
37:49 Leather Archer Armor
43:39 Imperial Age
42:10 Thumb Ring
43:45 Silk Road
43:44 Gold Mining
43:47 Crossbowman
44:29 Bracer
44:54 Ballistics
44:25 Heated Shot
45:50 Chemistry
44:16 Capped Ram
47:00 Stone Mining
48:17 Crop Rotation
48:11 Elite Genoese Crossbowman
52:47 Ring Archer Armor
[RAT] Spencer
10:41 Feudal Age
12:16 Loom
15:16 Castle Age
13:47 Double-Bit Axe
18:02 Medium Warships
20:06 Bow Saw
21:37 Fishing Lines
24:05 Horse Collar
24:20 Gillnets
25:00 Stone Mining
25:01 Gold Mining
25:54 Scale Barding Armor
26:57 Gold Shaft Mining
27:48 Forging
28:17 Bloodlines
29:26 Wheelbarrow
30:06 Chain Barding Armor
32:19 Iron Casting
31:48 Husbandry
32:51 Fletching
33:33 Bodkin Arrow
34:08 Heavy Plow
34:45 Stone Shaft Mining
39:33 Imperial Age
37:59 Hand Cart
38:37 Tuntian
38:08 Pikeman
38:48 Squires
38:49 Scale Mail Armor
40:20 Ballistics
40:17 Chain Mail Armor
39:38 Elite Tiger Cavalry
40:44 Ming Guang Armor
41:47 Blast Furnace
40:34 Halberdier
41:16 Bracer
43:39 Caravan
44:56 Chemistry
43:38 Light Cavalry
44:26 Hussar
45:49 Conscription
47:26 Clinker Construction
48:59 Carvel Hull
48:49 Careening
Connection lost

Rejoining the realm…

Still unreachable

The connection could not be restored.

Session expired

The server has moved on; the page needs a fresh start.